 Dungeon Crawl Stone Soup version 0.28-a0-1638-g9123634e07 (webtiles) character file.

Game seed: 2069379171865094116

156 Demosthentine the Shield-Bearer (level 5, 0/63 HPs)
             Began as a Human Fighter on Jan 26, 2022.
             Slain by an ogre (30 damage)
             ... on level 4 of the Dungeon.
             The game lasted 00:02:46 (3852 turns).

Demosthentine the Shield-Bearer (Human Fighter)     Turns: 3852, Time: 00:02:47

Health: 0/63       AC:  7    Str: 17    XL:     5   Next: 65%
Magic:  5/5        EV:  9    Int:  8    God:
Gold:   93         SH:  6    Dex: 14    Spells: 4/4 levels left

rFire   . . .      SeeInvis .   a - +0 long sword
rCold   . . .      Faith    .   c - +1 buckler
rNeg    . . .      Spirit   .   b - +0 scale mail
rPois   .          Reflect  .   (no helmet)
rElec   .          Harm     .   (no cloak)
rCorr   .          Rampage  .   (no gloves)
Will    .....                   (no boots)
Stlth   ..........              (no amulet)
HPRegen 0.20/turn               (no ring)
MPRegen 0.09/turn               (no ring)

@: berserking, very quick
A: no striking features
a: no special abilities


You were on level 4 of the Dungeon.
You visited 1 branch of the dungeon, and saw 4 of its levels.

You collected 93 gold pieces.

Inventory:

Hand Weapons
 a - a +0 long sword (weapon)
Armour
 b - a +0 scale mail (worn)
 c - a +1 buckler (worn)
Scrolls
 f - 2 scrolls of identify
 h - a scroll of blinking
Potions
 d - a potion of might
 g - a potion of resistance
 i - a potion of mutation
 j - a potion of invisibility
 k - a potion of curing {unknown}


   Skills:
 + Level 3.7 Fighting
 + Level 2.9 Long Blades
 + Level 3.7 Armour
 + Level 2.0 Dodging
 + Level 3.8 Shields


You had 4 spell levels left.
You didn't know any spells.
Your spell library contained the following spells:

 Spells                   Type           Power      Damage    Failure   Level
 Animate Skeleton         Necr           0%         N/A       88%         1
 Apportation              Tloc           0%         N/A       88%         1
 Summon Small Mammal      Summ           0%         N/A       88%         1


Dungeon Overview and Level Annotations

Branches:
Dungeon (4/15)
 Temple: D:4-7

Altars:

Shops:
D:1 *=[?:


Message History

The quokka barely misses you.
You closely miss the quokka.
The quokka is almost dead.
The quokka bites you but does no damage.
You hit the quokka.
You kill the quokka!
Key pressed, stopping explore.
No target in view!
A worm and an ogre come into view.
The ogre shouts!
Found 14 gold pieces.
A worm is nearby!
You slash the worm!
The worm is heavily wounded.
The worm bites you.
There are monsters nearby!
You hit the worm but do no damage.
The worm is moderately wounded.
The worm bites you. The ogre barely misses you.
You completely miss the worm.
The worm is moderately wounded.
The worm bites you. The ogre closely misses you.
You barely miss the worm.
The worm is moderately wounded.
A bullfrog comes into view.
You block the ogre's attack.
The bullfrog croaks.
You hit the worm.
The worm is moderately wounded.
The worm bites you!
Unknown command.
The worm bites you.
Found a scroll of identify.
A red film seems to cover your vision as you go berserk!
You feel yourself moving faster!
You feel mighty! The ogre hits you with a +0 giant club!
You hit the ogre.
The ogre is lightly wounded.
The ogre hits you with a +0 giant club!!
You die...

#.........# ##? ..^....#
#.......... ......... .#
....... ...## . ##.#..
##....# #. ##....# #.....
## .#.# ..F#@# #.##.. ..#
...O. #.#O# #.##.# #..##
......#.w.###†##.# #....
...#...####..##.#####....
..........................
...........######..##..)..
....#####......###.# #....
.... ######.###.# #....
... #.....###...#


You could see an ogre and a worm.

Vanquished Creatures
  A hound (D:3)
  A jelly (D:3)
  A centaur skeleton (D:4)
  A worm (D:3)
  3 dart slugs
  5 orcs
  3 ball pythons
  8 endoplasms
  A giant cockroach (D:1)
  5 goblins
  3 hobgoblins
  6 quokkas
  5 bats
  A frilled lizard (D:2)
  7 kobolds
  3 rats
54 creatures vanquished.

Notes
Turn   | Place    | Note
-------+----------+-------------------------------------------
     0 | D:1      | Demosthentine the Human Fighter began the quest for the
                  | Orb.
     0 | D:1      | Reached XP level 1. HP: 18/18 MP: 1/1
   268 | D:1      | Found Rewnei's Antique Armour Shop.
   333 | D:1      | Found Ruyczyra's Magic Scroll Shoppe.
   336 | D:1      | Found Giarubb's Book Shoppe.
   552 | D:1      | Reached XP level 2. HP: 24/24 MP: 2/2
   753 | D:1      | Found Aselenyo's General Store.
   874 | D:1      | Found Hasam's Jewellery Emporium.
  1210 | D:2      | Reached XP level 3. HP: 29/29 MP: 3/3
  1307 | D:2      | Reached skill level 1 in Dodging
  1370 | D:2      | Identified the +0 hand axe of Conscience {freeze, rC+ rCorr
                  | Dex+5}
  2114 | D:3      | Reached XP level 4. HP: 27/35 MP: 4/4
  2777 | D:3      | Found a faded altar of an unknown god.
  3248 | D:3      | Reached XP level 5. HP: 34/41 MP: 5/5
  3840 | D:4      | Noticed an ogre
  3846 | D:4      | Noticed a bullfrog
  3852 | D:4      | Slain by an ogre

Illustrated notes

Levels and vault maps discovered:
D:1:      elethiomel_arrival_quiet, layout_basic, serial_shops, shop,
          nicolae_diamond_shop, shop, nicolae_square_shop, shop,
          kennysheep_another_room
D:2:      layout_rooms
D:3:      layout_basic, ebering_ecumenical_altar_abandoned
D:4:      layout_rooms, minmay_bisected

Skill      XL: |  1  2  3  4  5 |
---------------+----------------+-----
Dodging        | 1 2 |  2.0
Fighting       | |  3.7
Long Blades    | |  2.9
Armour         | |  3.7
Shields        | |  3.8

Action                   |  1- 3 |  4- 6 || total
-------------------------+-------+-------++-------
Melee: Long sword        |   126 |    89 ||   215
  Use: Scroll            |     6 |     2 ||     8
       Potion            |       |     1 ||     1
Armor: Scale mail        |    61 |    35 ||    96
Dodge: Dodged            |    69 |    42 ||   111
Block: Buckler           |    37 |    20 ||    57

Table legend: (Time is in decaauts)
 A = Elapsed time spent in this place.
 B = Non-inter-level travel time spent in this place.
 C = Inter-level travel time spent in this place.
 D = Time resting spent in this place.
 E = Time spent auto-exploring this place.
 F = Levels seen in this place.
 G = Mean time per level.
                   A        B        C        D        E       F      G
               +--------+--------+--------+--------+--------+-----+--------+
         Total |   3920 |   3856 |     64 |    464 |   2836 |   4 |  980.0 |
       Dungeon |   3920 |   3856 |     64 |    464 |   2836 |   4 |  980.0 |
               +--------+--------+--------+--------+--------+-----+--------+

Top non-repeatable levels by time:
     D:3: 1649 daAuts
     D:1: 1183 daAuts
     D:2: 924 daAuts
     D:4: 163 daAuts
